 Dungeon Crawl Stone Soup version 0.25-a0-420-g1cc7eeb0d1 (webtiles) character file.

Game seed: 1768808071184122452, levelgen mode: deterministic

16 Hasart the Sneak (level 2, -1/21 HPs)
             Began as a Vampire Wanderer on Jan 18, 2020.
             Slain by a hobgoblin (4 damage)
             ... on level 2 of the Dungeon.
             The game lasted 00:02:35 (387 turns).

Hasart the Sneak (Vampire Wanderer)                  Turns: 387, Time: 00:02:35

Health: -1/21      AC:  2    Str: 12    XL:     2   Next: 37%
Magic:  2/2        EV: 12    Int: 15    God:
Gold:   56         SH:  0    Dex: 11    Spells: 0/1 levels left

rFire    . . .     SeeInvis +   h - +2 whip (venom)
rCold    . . .     Gourm    .   (no shield)
rNeg     . . .     Faith    .   d - +0 robe
rPois    .         Spirit   .   (no helmet)
rElec    .         Reflect  .   (no cloak)
rCorr    .         Harm     .   (no gloves)
MR       .....                  (no boots)
Stlth    +++.......             (no amulet)
HPRegen  0.27/turn              (no ring)
MPRegen  0.08/turn              (no ring)

@: regenerating quickly
A: no food, fangs 3, see invisible, unbreathing
a: Exsanguinate


You were on level 2 of the Dungeon.
You were alive.

You visited 1 branch of the dungeon, and saw 2 of its levels.

You collected 56 gold pieces.

Inventory:

Hand Weapons
 e - a +0 dagger
 f - a +0 dagger
 h - a +2 whip of venom (weapon)
Armour
 d - a +0 robe (worn)
Jewellery
 i - an uncursed ring of see invisible {unknown}
Scrolls
 a - a scroll of amnesia {unknown}
 g - a scroll of enchant armour {unknown}
 j - a scroll of teleportation {unknown}
Potions
 b - a potion of lignification
 c - 3 potions of curing


   Skills:
 + Level 1.3 Fighting
 + Level 2.5 Dodging
 + Level 4.7 Stealth
   Level 1.0 Shields
   Level 1.5 Hexes
 + Level 2.0 Poison Magic


You couldn't memorise any spells.
You knew the following spells:

 Your Spells              Type           Power        Failure   Level  Hunger
a - Sting                 Tmut/Pois      #...         19%         1    N/A

Your spell library contained the following spells:

 Spells                   Type           Power        Failure   Level  Hunger
 Poisonous Vapours        Pois/Air       #.....       26%         2    N/A
 Ignite Poison            Fire/Tmut/Pois #.......     52%         3    N/A
 Mephitic Cloud           Conj/Pois/Air  #.......     52%         3    N/A
 Olgreb's Toxic Radiance  Pois           #.......     75%         4    N/A

Dungeon Overview and Level Annotations

Branches:
Dungeon (1/15)

Altars:


Innate Abilities, Weirdness & Mutations

You do not eat.
Your natural rate of healing is unusually fast.
You have razor-sharp teeth.
You have supernaturally acute eyesight. (SInv)
You can survive without breathing.


Message History

The rat closely misses you. The hobgoblin closely misses you.
The rat bites you.
* * * LOW HITPOINT WARNING * * *
The hobgoblin misses you. The rat misses you. The hobgoblin closely misses you.
The rat misses you.
The hobgoblin hits you but does no damage.
The rat closely misses you. The hobgoblin completely misses you.
The rat closely misses you. The hobgoblin barely misses you.
The rat closely misses you. The hobgoblin barely misses you.
The rat bites you but does no damage.
The hobgoblin hits you but does no damage.
The rat closely misses you. The hobgoblin barely misses you.
The rat closely misses you. The hobgoblin hits you.
* * * LOW HITPOINT WARNING * * *
The rat twitches its whiskers.
The rat barely misses you. The hobgoblin misses you.
The rat bites you but does no damage. The hobgoblin hits you.
You die...

########### #.........#
#.#######.# #.# #.#
##### ####.##### #.#
.....# #........# #.#
##...# #.##.###.# #.#
##....g###.##.###.###.#
.$...Kr@...##.........#
####.###########..#####
#.#.# #.###. ## . .. ..
..#


You could see a hobgoblin, a kobold and a rat.

Vanquished Creatures
  A dart slug (D:1)
  A leopard gecko (D:1)
  3 bats (D:1)
  2 goblins (D:1)
  A hobgoblin (D:1)
  A frilled lizard (D:1)
  A kobold (D:1)
  3 rats
13 creatures vanquished.

Vanquished Creatures (others)
  A hobgoblin (D:1)
  A frilled lizard (D:1)
2 creatures vanquished.

Grand Total: 15 creatures vanquished

Notes
Turn   | Place    | Note
-------+----------+-------------------------------------------
     0 | D:1      | Hasart the Vampire Wanderer began the quest for the Orb.
     0 | D:1      | Hasart set off with the following items: a +0 club, a
                  | potion of lignification, a potion of curing, a +0 robe, a
                  | +0 dagger; and the following spell memorised: Sting; and
                  | the following spells available to memorise: Poisonous
                  | Vapours, Ignite Poison, Mephitic Cloud, Olgreb's Toxic
                  | Radiance
     0 | D:1      | Reached XP level 1. HP: 15/15 MP: 1/1
    76 | D:1      | Reached XP level 2. HP: 16/21 MP: 0/2
   337 | D:1      | You fall into a shaft and drop 1 floor!
   387 | D:2      | Slain by a hobgoblin

Levels and vault maps discovered:
D:1:      scummos_arrival_hexagon, layout_loops_cross, lemuel_flame_loot_1
D:2:      layout_loops_corners, serial_bayou_lagoon_a, grunt_gozag_statues,
          uniq_jessica, uniq_sigmund, uniq_natasha

Skill      XL: |  1 |
---------------+----+-----
Poison Magic   | 2 |  2.0
Fighting       | |  1.3
Dodging        | |  2.5
Stealth        | |  4.7
Shields        | |  1.0
Hexes          | |  1.5

Action                   || total
-------------------------++-------
Melee: Club              ||     9
       Dagger            ||    14
       Bite              ||     4
       Whip              ||     8
 Cast: Sting             ||     2
Armor: Robe              ||    21
Dodge: Dodged            ||    69

Table legend:
 A = Non-vault XP
 B = Vault XP
 C = Vault XP percentage of total XP
 D = Non-vault monster count
 E = Vault monster count
 F = Vault count percentage of total count
                 A         B        C        D         E       F
            +---------+---------+-------+---------+---------+-------
      Total |      23 |       0 |   0.0 |      13 |       0 |   0.0
            +---------+---------+-------+---------+---------+-------
        D:1 |      22 |       0 |   0.0 |      12 |       0 |   0.0
        D:2 |       1 |       0 |   0.0 |       1 |       0 |   0.0
            +---------+---------+-------+---------+---------+-------
